 Dungeon Crawl Stone Soup version 0.25-a0-287-g56a5b49892 (webtiles) character file.

Game seed: 3515700169912054621, levelgen mode: deterministic

4343 MisterFreud the Grappler (level 10, -3/100 HPs)
             Began as a Troll Monk on Dec 12, 2019.
             Slain by a killer bee (5 damage)
             ... on level 8 of the Dungeon.
             The game lasted 00:10:12 (5751 turns).

MisterFreud the Grappler (Troll Monk)               Turns: 5751, Time: 00:10:13

Health: -3/100     AC:  8    Str: 24    XL:     10   Next: 12%
Magic:  9/9        EV: 14    Int: 11    God:
Gold:   289        SH:  0    Dex: 16    Spells: 9/9 levels left

rFire    + . .     SeeInvis +     - Unarmed
rCold    + . .     Gourm    +   (no shield)
rNeg     . . .     Faith    .   a - +0 robe
rPois    .         Spirit   .   (helmet restricted)
rElec    .         Reflect  .   m - +1 cloak
rCorr    .         Harm     .   (gloves unavailable)
MR       .....                  (boots unavailable)
Stlth    ++........             (no amulet)
HPRegen  0.66/turn              w - +5 ring of intelligence
MPRegen  0.11/turn              y - ring of Wariness {rF+ rC+ Dex+4 SInv}

@: lethally poisoned (-3 -> -4)
A: large, unfitting armour, claws 3, fast metabolism 3, gourmand, regeneration
1, shaggy fur 1, tough skin 3
a: no special abilities


You were on level 8 of the Dungeon.
You were not hungry.

You visited 2 branches of the dungeon, and saw 9 of its levels.

You collected 289 gold pieces.

Inventory:

Missiles
 s - 7 boomerangs (quivered)
Armour
 a - a +0 robe (worn)
 m - a +1 cloak (worn)
Jewellery
 q - an uncursed ring of fire
 w - a +5 ring of intelligence (left claw)
 y - the ring of Wariness (right claw) {rF+ rC+ Dex+4 SInv}
   (You found it on level 6 of the Dungeon)

   [ring of see invisible]

   It affects your dexterity (+4).
   It protects you from fire.
   It protects you from cold.
   It lets you see invisible.
Wands
 e - a wand of polymorph (9)
 i - a wand of disintegration (14)
 k - a wand of digging (12)
 p - a wand of iceblast (11)
 u - a wand of paralysis (10)
Scrolls
 c - 4 scrolls of remove curse
 h - 2 scrolls of amnesia
 l - 2 scrolls of teleportation
 n - a scroll of immolation
Potions
 d - a potion of experience {unknown}
 f - 3 potions of degeneration
 g - 2 potions of berserk rage
 j - 2 potions of curing
 o - a potion of flight {unknown}
 r - a potion of invisibility
 v - a potion of brilliance {unknown}
 x - a potion of resistance
 z - a potion of lignification {unknown}
Comestibles
 b - 20 rations


   Skills:
 + Level 6.3 Fighting
 + Level 6.6 Throwing
 + Level 6.3 Dodging
 - Level 1.0 Stealth
 * Level 8.8 Unarmed Combat


You had 9 spell levels left.
You didn't know any spells.
Your spell library contained the following spells:

 Spells                   Type           Power        Failure   Level  Hunger
 Freeze                   Ice            #...         34%         1    ##.....
 Ozocubu's Armour         Chrm/Ice       #.......     71%         3    ####...
 Hailstorm                Conj/Ice       #.......     98%         4    #####..
 Summon Ice Beast         Ice/Summ       #.......     98%         4    #####..


Dungeon Overview and Level Annotations

Branches:
Dungeon (8/15)             Temple (1/1) D:4
   Lair: D:8-11

Altars:
Trog
Uskayaw
Yredelemnul

Shops:
D:5 :

Annotations:
D:7 2 transporters, p0werm0de's ghost, novice DgCj


Innate Abilities, Weirdness & Mutations

You are too large for most types of armour.
You have claws for hands.
Your metabolism is lightning-fast.
You like to eat raw meat.
Your natural rate of healing is unusually fast.
You are covered in fur. (AC +1)
You have extremely tough skin. (AC +3)


Message History

You claw the killer bee!
The killer bee is severely wounded.
You feel sick. The killer bee stings you.
* * * LOW HITPOINT WARNING * * *
You are more poisoned.
The killer bee poisons you! The killer bee stings you.
* * * LOW HITPOINT WARNING * * *
You are more poisoned.
The killer bee poisons you!
You feel better. The killer bee stings you.
* * * LOW HITPOINT WARNING * * *
The killer bee stings you!
* * * LOW HITPOINT WARNING * * *
You closely miss the killer bee. Your claw misses the killer bee.
The killer bee is severely wounded.
The killer bee stings you.
* * * LOW HITPOINT WARNING * * *
You are poisoned.
The killer bee poisons you! The killer bee stings you.
You die...

#.......## ##.#
#........# ...#
#........### #..##
#..........#. ...#
#.........y.. ...#
####.......# #..#
......>....# ##.#
..##.......#########..#
###..)......@y†...##
#......########## ..
#......# #.#......#
#........# ...#.......#
≈≈≈ #..##.### ≈# ##.
#.# #. #.#


You could see a killer bee.

Vanquished Creatures
  A queen bee (D:8)
  A hornet (D:7)
  Grinder (D:6)
  A hippogriff (D:7)
  A hungry ghost (D:7)
  Menkaure (D:4)
  An orc warrior (D:6)
  2 ice beasts
  2 black bears (D:6)
  An ogre (D:5)
  A phantom (D:6)
  4 centaurs
  Blork the orc (D:4)
  4 bullfrogs
  A big kobold (D:7)
  2 scorpions (D:4)
  14 killer bees (D:8)
  5 wights (D:6)
  3 crimson imps
  A quasit (D:7)
  A bullfrog zombie (D:6)
  2 orc priests (D:5)
  Crazy Yiuf (D:2)
  2 jellies
  3 hounds
  4 bullfrog skeletons
  Jessica (D:2)
  Terence (D:2)
  3 iguanas
  4 worker ants
  A hound zombie (D:7)
  A hound skeleton (D:5)
  A howler monkey zombie (D:7)
  2 worker ant zombies
  7 gnolls
  A howler monkey skeleton (D:7)
  4 adders
  2 shadow imps
  An ooze (D:6)
  An adder skeleton (D:7)
  4 worms
  A dart slug (D:1)
  4 leopard geckos
  10 orcs
  A ball python (D:3)
  4 giant cockroaches
  10 goblins
  7 hobgoblins
  4 jackals
  2 quokkas
  9 bats
  4 frilled lizards
  A giant cockroach zombie (D:5)
  A jackal zombie (D:5)
  13 kobolds
  8 rats
174 creatures vanquished.

Vanquished Creatures (others)
  7 fungi (D:8)
  A plant (D:8)
8 creatures vanquished.

Grand Total: 182 creatures vanquished

Notes
Turn   | Place    | Note
-------+----------+-------------------------------------------
     0 | D:1      | MisterFreud the Troll Monk began the quest for the Orb.
     0 | D:1      | Reached XP level 1. HP: 22/22 MP: 0/0
   146 | D:1      | Reached XP level 2. HP: 26/29 MP: 1/1
   494 | D:1      | Reached skill level 4 in Unarmed Combat
   801 | D:2      | Reached XP level 3. HP: 31/36 MP: 2/2
  1117 | D:2      | Noticed Jessica
  1122 | D:2      | Killed Jessica
  1199 | D:2      | Reached skill level 5 in Unarmed Combat
  1199 | D:2      | Reached XP level 4. HP: 31/44 MP: 3/3
  1404 | D:2      | Noticed Terence
  1413 | D:2      | Killed Terence
  1478 | D:2      | Found a runed translucent door.
  1479 | D:2      | Noticed Crazy Yiuf
  1589 | D:2      | Killed Crazy Yiuf
  1589 | D:2      | Reached XP level 5. HP: 31/50 MP: 4/4
  1708 | D:3      | Reached skill level 6 in Unarmed Combat
  1886 | D:3      | Found a bloodstained altar of Trog.
  2643 | D:4      | Reached XP level 6. HP: 49/59 MP: 5/5
  2714 | D:4      | Noticed Blork the orc
  2724 | D:4      | Killed Blork the orc
  2724 | D:4      | Reached skill level 7 in Unarmed Combat
  2782 | D:4      | Noticed Menkaure
  2788 | D:4      | Killed Menkaure
  2788 | D:4      | Reached skill level 8 in Unarmed Combat
  2788 | D:4      | Reached XP level 7. HP: 54/66 MP: 6/6
  2835 | D:4      | Found a staircase to the Ecumenical Temple.
  2852 | Temple   | Entered the Ecumenical Temple
  3170 | D:5      | Entered Level 5 of the Dungeon
  3291 | D:5      | Found Kejoagh's Book Shoppe.
  3304 | D:5      | Reached skill level 1 in Throwing
  3516 | D:5      | Found a hide-covered altar of Uskayaw.
  3719 | D:5      | Reached XP level 8. HP: 54/75 MP: 7/7
  3911 | D:6      | Noticed Grinder
  3925 | D:6      | Paralysed by Grinder for 5 turns
  3934 | D:6      | Killed Grinder
  4373 | D:6      | Reached skill level 5 in Fighting
  4373 | D:6      | Reached XP level 9. HP: 88/88 MP: 8/8
  4394 | D:6      | Reached skill level 5 in Dodging
  4686 | D:6      | Got a translucent pewter ring
  4687 | D:6      | Identified the ring of Wariness {rF+ rC+ Dex+4 SInv} (You
                  | found it on level 6 of the Dungeon)
  4866 | D:7      | Reached skill level 5 in Throwing
  5101 | D:7      | Noticed a moth of wrath
  5104 | D:7      | Noticed p0werm0de's ghost (novice DgCj)
  5151 | D:7      | Found a transporter.
  5278 | D:7      | Found a bloodstained altar of Trog.
  5423 | D:7      | Found a transporter.
  5622 | D:8      | Reached XP level 10. HP: 14/98 MP: 9/9
  5751 | D:8      | HP: 2/100 [killer bee (5)]
  5751 | D:8      | Slain by a killer bee

Levels and vault maps discovered:
D:1:      dpeg_arrival_tiny_a, layout_loops_ring, minmay_hexomino_f4
D:2:      layout_loops_corners, uniq_jessica, uniq_terence,
          uniq_crazy_yiuf_cottage
D:3:      layout_basic, first_ration, bloody_trog
D:4:      layout_cave_pods, minmay_temple_entry_tees, uniq_menkaure,
          uniq_blork_the_orc
D:5:      layout_loops_ring, lemuel_doored_altar, serial_shops, shop,
          minmay_misc_feat_rows
D:6:      minmay_spotlight, layout_basic, minivault_5, item_on_display_a,
          uniq_grinder
D:7:      layout_rooms, gammafunk_ghost_wrathful_warriors
D:8:      layout_basic, grunt_lair_entry_orc_guard_hut, david_nohive_1,
          nicolae_lava_and_water
Temple:   regret_index_temple_sigil_plot

Skill      XL: |  1  2  3  4  5  6  7  8  9 |
---------------+----------------------------+-----
Unarmed Combat | 4 5 6 8 |  8.8
Throwing       | 2 4 6 |  6.6
Fighting       | 3 5 6 |  6.3
Dodging        | 3 4 6 |  6.3
Stealth        | |  1.0

Action                   |  1- 3 |  4- 6 |  7- 9 | 10-12 || total
-------------------------+-------+-------+-------+-------++-------
Melee: Unarmed           |    95 |   110 |   330 |    33 ||   568
       Punch             |       |     3 |    15 |       ||    18
Throw: Boomerang         |       |       |     7 |     4 ||    11
Evoke: Wand              |       |       |     4 |       ||     4
  Use: Scroll            |       |       |    11 |       ||    11
       Potion            |       |       |     1 |     1 ||     2
 Stab: Sleeping          |     2 |     3 |     3 |       ||     8
  Eat: Chunk             |    16 |    11 |    27 |       ||    54
       Ration            |       |       |     1 |       ||     1
Armor: Robe              |    20 |    23 |    95 |     2 ||   140
Dodge: Dodged            |    45 |    53 |   189 |    22 ||   309

Table legend:
 A = Non-vault XP
 B = Vault XP
 C = Vault XP percentage of total XP
 D = Non-vault monster count
 E = Vault monster count
 F = Vault count percentage of total count
                 A         B        C        D         E       F
            +---------+---------+-------+---------+---------+-------
      Total |    4125 |    2080 |  33.5 |     144 |      30 |  17.2
            +---------+---------+-------+---------+---------+-------
        D:1 |      24 |      11 |  31.4 |      16 |       6 |  27.3
        D:2 |      80 |     115 |  59.0 |      17 |       3 |  15.0
        D:3 |      51 |       0 |   0.0 |      21 |       0 |   0.0
        D:4 |     249 |     271 |  52.1 |      12 |       2 |  14.3
        D:5 |     682 |       0 |   0.0 |      19 |       0 |   0.0
        D:6 |    1364 |     483 |  26.2 |      27 |       4 |  12.9
        D:7 |    1565 |       0 |   0.0 |      28 |       0 |   0.0
        D:8 |     110 |    1200 |  91.6 |       4 |      15 |  78.9
            +---------+---------+-------+---------+---------+-------
